[Event "Titled Tuesday Blitz May 16 Late 2023"]
[White "Gritsenko, Nikolai"]
[Black "mohsengabr2002"]
[WhiteFideId "14112493"]
[WhiteElo "2389"]
[BlackElo "2367"]
[Result "1-0"]
[Round "02"]
[TimeControl "180+2"]
[Date "2023.05.16"]
[WhiteClock "0:00:08"]
[BlackClock "0:00:28"]

1. d4 d5 2. Bg5 c5 3. e3 Qb6 4. b3 Nc6 5. Nf3 Bg4 6. c3 e5 7. dxe5 Nxe5 8. Be2 Nxf3+ 9. Bxf3 Bxf3 10. Qxf3 f6 11. Bf4 O-O-O 12. O-O Ne7 13. c4 g5 14. Bg3 h5 15. h3 g4 16. Qe2 h4 17. Bf4 gxh3 18. Qg4+ f5 19. Qxh3 Bg7 20. Nd2 Bxa1 21. Rxa1 Qf6 22. Rf1 Ng6 23. Bh2 b6 24. Nf3 dxc4 25. bxc4 Kb7 26. a4 f4 27. a5 Rhf8 28. e4 Rfe8 29. axb6 axb6 30. e5 Qe6 31. Re1 Qxh3 32. gxh3 Rd3 33. Kg2 Rg8 34. Ng5 Rd4 35. Kf3 Rxc4 36. e6 Ne7 37. Nf7 Rd4 38. Bxf4 Rg6 39. Bg5 Nc6 40. e7 Nxe7 41. Rxe7+ Ka6 42. Be3 Rd5 43. Ne5 Rf6+ 44. Ke4 Rdd6 45. f4 Rde6 46. Rxe6 Rxe6 47. f5 Re8 48. f6 Kb5 49. f7 Rf8 50. Bh6 Rxf7 51. Nxf7 Kc4 52. Ne5+ Kc3 53. Be3 Kb4 54. Nf3 b5 55. Kd3 c4+ 56. Kc2 Ka3 57. Nxh4 b4 58. Bc5 Ka4 59. Nf3 Kb5 60. Bxb4 Kxb4 61. h4 Kc5 62. Kc3 Kd6 63. Ne1 Ke6 64. Ng2 Kf5 65. Kxc4 Kg4 66. Kd3 Kh5 67. Ke3 Kg4 68. Ke4 Kh5 69. Kf5 Kh6 70. Kg4 Kg6 71. h5+ 1-0


[Site "https://www.chess.com"]

[Event "Titled Tuesday Blitz May 16 Late 2023"]
[White "Stalri"]
[Black "Tisaj, Domen"]
[BlackFideId "14628708"]
[WhiteElo "2353"]
[BlackElo "2340"]
[Result "1-0"]
[Round "02"]
[TimeControl "180+2"]
[Date "2023.05.16"]
[WhiteClock "0:02:33"]
[BlackClock "0:02:14"]

1. d4 Nf6 2. c4 e6 3. Nc3 d5 4. cxd5 exd5 5. Bg5 c6 6. e3 Be7 7. Bd3 Bg4 8. f3 Bh5 9. Nge2 Bg6 10. O-O Nbd7 11. e4 dxe4 12. fxe4 Ng4 13. Bf4 Bg5 14. h3 Ne3 15. Qc1 Bxf4 16. Rxf4 Nd5 17. exd5 1-0


[Site "https://www.chess.com"]

[Event "Titled Tuesday Blitz May 16 Late 2023"]
[White "Kostiukov, Alexandr"]
[Black "Matinian, Nikita"]
[WhiteFideId "14108100"]
[BlackFideId "24129100"]
[WhiteElo "2202"]
[BlackElo "2422"]
[Result "1/2-1/2"]
[Round "02"]
[TimeControl "180+2"]
[Date "2023.05.16"]
[WhiteClock "0:00:00"]
[BlackClock "0:00:02"]

1. g3 e5 2. Bg2 Nc6 3. c4 h5 4. h3 Bc5 5. e3 d6 6. Ne2 Bf5 7. d4 Bb6 8. b4 exd4 9. exd4 Qe7 10. O-O O-O-O 11. a3 Nf6 12. Nbc3 Qd7 13. c5 Bxh3 14. cxb6 Bxg2 15. Kxg2 axb6 16. Bg5 h4 17. Rh1 h3+ 18. Kf1 h2 19. Bxf6 Qh3+ 20. Ke1 gxf6 21. Nf4 Qf5 22. Qd3 Qxd3 23. Nxd3 Nxd4 24. Nf4 c6 25. Rd1 Nc2+ 26. Kf1 Nxa3 27. Kg2 b5 28. Ne4 Kc7 29. Nxf6 Nc2 30. Rb1 d5 31. Rxh2 Rxh2+ 32. Kxh2 d4 33. Nd3 b6 34. Kg2 Kd6 35. Rb2 Na3 36. Re2 Nc4 37. Ne4+ Kc7 38. Nf6 Kd6 39. Ne8+ Kd7 40. Nf6+ Kc7 41. Re7+ Kc8 42. Rxf7 Rd6 43. g4 c5 44. bxc5 bxc5 45. Nxc5 Ne5 46. Rf8+ Rd8 47. Rxd8+ Kxd8 48. g5 b4 49. f4 d3 50. Nb3 Nc4 51. Ne4 Kd7 52. Kf3 Ke6 53. Ned2 Nb2 54. Ke4 Nd1 55. f5+ Ke7 56. Ke5 Nf2 57. g6 Ng4+ 58. Kf4 Nf2 59. Ke3 Ng4+ 60. Kxd3 Kf6 61. Ke4 Nf2+ 62. Kf3 Nd3 63. Nd4 Ne5+ 64. Ke4 b3 65. N2xb3 Nxg6 66. Nc5 Nh4 67. Kf4 Nxf5 1/2-1/2


[Site "https://www.chess.com"]

[Event "Titled Tuesday Blitz May 16 Late 2023"]
[White "Kourkoulos-Arditis, Stamatis"]
[Black "Kovacevic, Radmila"]
[WhiteFideId "4221990"]
[BlackFideId "933171"]
[WhiteElo "2400"]
[BlackElo "2194"]
[Result "1-0"]
[Round "02"]
[TimeControl "180+2"]
[Date "2023.05.16"]
[WhiteClock "0:01:16"]
[BlackClock "0:00:53"]

1. e4 e5 2. Nc3 Nf6 3. g3 d5 4. exd5 Nxd5 5. Bg2 Nxc3 6. bxc3 c6 7. Nf3 Bd6 8. O-O O-O 9. Re1 Bg4 10. Rb1 Qc7 11. h3 Bh5 12. d3 Nd7 13. g4 Bg6 14. Nh4 f5 15. Nxf5 Bxf5 16. gxf5 Nf6 17. Bg5 Nd5 18. Qg4 Kh8 19. c4 Nf6 20. Bxf6 Rxf6 21. Be4 Raf8 22. Re3 Bc5 23. Rf3 Qd7 24. Kh1 b6 25. Rg1 R8f7 26. Qh5 Rh6 27. Qg4 Rhf6 28. Rg2 a5 29. a4 Qe7 30. Rfg3 Qd7 31. Qh5 Rh6 32. Qxh6 1-0


[Site "https://www.chess.com"]

[Event "Titled Tuesday Blitz May 16 Late 2023"]
[White "MKlose11"]
[Black "Dmitriev, Sergey"]
[BlackFideId "14101785"]
[WhiteElo "2659"]
[BlackElo "2132"]
[Result "1-0"]
[Round "02"]
[TimeControl "180+2"]
[Date "2023.05.16"]
[WhiteClock "0:00:53"]
[BlackClock "0:00:32"]

1. e4 d6 2. d4 g6 3. Nc3 Bg7 4. Be3 e6 5. Qd2 Ne7 6. Bh6 O-O 7. h4 f5 8. h5 Qe8 9. Nf3 fxe4 10. Nxe4 Nf5 11. Bxg7 Nxg7 12. Qg5 Nd7 13. hxg6 Qxg6 14. Bd3 Qxg5 15. Nfxg5 h6 16. Rxh6 d5 17. Ng3 Rf6 18. Rh2 e5 19. O-O-O e4 20. Rdh1 Kf8 21. Nh7+ Ke7 22. Nxf6 Nxf6 23. Be2 Bd7 24. Nh5 Ngxh5 25. Bxh5 Rg8 26. g3 b6 27. Be2 c5 28. c3 c4 29. Kd2 a5 30. Rh8 Rg7 31. Rb8 b5 32. Rb6 Rf7 33. Rh6 Bg4 34. Bxg4 Nxg4 35. Rb7+ Kf8 36. Rxf7+ Kxf7 37. Rb6 b4 38. Ke2 bxc3 39. bxc3 Nh2 40. Rb5 Ke6 41. Rxa5 Nf3 42. Rb5 Ng1+ 43. Kf1 Nf3 44. a4 Nd2+ 45. Ke2 1-0


[Site "https://www.chess.com"]

[Event "Titled Tuesday Blitz May 16 Late 2023"]
[White "Rodriguez Polo, Mateo"]
[Black "Martinez Alcantara, Jose Eduardo"]
[WhiteFideId "24509396"]
[BlackFideId "3805662"]
[WhiteElo "2117"]
[BlackElo "2711"]
[Result "0-1"]
[Round "02"]
[TimeControl "180+2"]
[Date "2023.05.16"]
[WhiteClock "0:00:02"]
[BlackClock "0:00:57"]

1. Nf3 c5 2. c4 Nc6 3. b3 e5 4. Bb2 d6 5. Nc3 g6 6. g3 Bg7 7. d3 Nge7 8. Bg2 O-O 9. O-O h6 10. Nd2 f5 11. a3 Kh7 12. Nd5 Be6 13. b4 Qd7 14. e3 Bf7 15. Qb3 Rab8 16. f4 b6 17. Nxe7 Nxe7 18. a4 Nc6 19. b5 Nd8 20. a5 Ne6 21. axb6 axb6 22. Ra6 exf4 23. gxf4 Rfe8 24. Bc6 Qe7 25. Bxe8 Qxe8 26. Rfa1 Nc7 27. Nf1 Nxa6 28. bxa6 Qc6 29. Bxg7 Kxg7 30. Kf2 Kg8 31. Ng3 d5 32. Ne2 dxc4 33. dxc4 Qe4 34. a7 Re8 35. Ng3 Qb7 36. Qb5 Ra8 37. Ne2 Rxa7 38. Rxa7 Qxa7 39. Nc3 Qb7 40. Na4 Qe4 41. Nxb6 Qc2+ 42. Kf3 Qd1+ 43. Kf2 Qd2+ 44. Kf3 g5 45. Qxc5 g4+ 46. Kg3 Qe2 47. Qc8+ Kg7 48. Qxf5 Qf3+ 49. Kh4 Qh3# 0-1


[Site "https://www.chess.com"]

[Event "Titled Tuesday Blitz May 16 Late 2023"]
[White "Bilan, Danila"]
[Black "Paravyan, David"]
[WhiteFideId "24161918"]
[BlackFideId "4194985"]
[WhiteElo "2182"]
[BlackElo "2563"]
[Result "1/2-1/2"]
[Round "02"]
[TimeControl "180+2"]
[Date "2023.05.16"]
[WhiteClock "0:00:08"]
[BlackClock "0:00:05"]

1. d4 d5 2. Nf3 Nf6 3. c4 e6 4. cxd5 exd5 5. Nc3 c6 6. Bg5 h6 7. Bh4 Bf5 8. e3 Bc8 9. Bd3 Be7 10. O-O O-O 11. Ne5 Nfd7 12. Bxe7 Qxe7 13. Nxd7 Nxd7 14. Rb1 a5 15. a3 Nf6 16. b4 axb4 17. axb4 Be6 18. Na4 Ra7 19. Nc5 b6 20. Nxe6 Qxe6 21. Qc2 Qd6 22. Rfc1 Rc8 23. Qc3 g6 24. Ra1 Rxa1 25. Rxa1 h5 26. h3 Kg7 27. Ra6 Qd8 28. Ra7 Ne8 29. Qc2 Rc7 30. Ra6 Rc8 31. Ra7 Rc7 32. Ra6 Qb8 33. Qa2 Nf6 34. Ra8 Qb7 35. Qa3 Re7 36. Qa4 Qc7 37. Qa6 Nd7 38. Rc8 Qd6 39. Qa8 Nf6 40. Qa4 Rc7 41. Rxc7 Qxc7 42. Qa8 c5 43. bxc5 bxc5 44. dxc5 Qxc5 45. Qa1 Qb4 46. Be2 Qd2 47. Bf3 Qd3 48. Qb2 Qf5 49. Qd4 Kh7 50. Kh2 Qg5 51. g3 Qf5 52. Kg2 Ne4 53. h4 Nf6 54. Qd2 Qe5 55. Qa5 Qe6 56. Qc3 Kg8 57. Qd4 Ne4 58. Bxe4 dxe4 59. Qd8+ Kh7 60. Qd4 Qf5 61. Qd8 Qf3+ 62. Kg1 Qf5 63. Qe7 Kg7 64. Qd6 Qf3 65. Qd4+ Kh7 66. Qd7 Kg7 67. Qd4+ Kg8 68. Qd8+ Kh7 69. Qd4 Qf5 70. Qd6 Qg4 71. Qd4 g5 72. hxg5 h4 73. Qe5 hxg3 74. fxg3 Qd1+ 75. Kg2 Qf3+ 76. Kh3 Qh5+ 77. Kg2 Qf3+ 78. Kh3 Kg6 79. Qf6+ Qxf6 80. gxf6 Kxf6 81. Kg4 Ke5 82. Kg5 f5 83. Kg6 Ke6 84. Kg5 Ke5 85. Kg6 Ke6 86. Kg5 Ke5 1/2-1/2


[Site "https://www.chess.com"]

[Event "Titled Tuesday Blitz May 16 Late 2023"]
[White "Kozlov, Gennady"]
[Black "Grigoriants, Sergey"]
[WhiteFideId "4191668"]
[BlackFideId "4130804"]
[WhiteElo "2356"]
[BlackElo "2502"]
[Result "0-1"]
[Round "02"]
[TimeControl "180+2"]
[Date "2023.05.16"]
[WhiteClock "0:01:06"]
[BlackClock "0:01:01"]

1. b3 d5 2. Bb2 c5 3. e3 a6 4. f4 Nc6 5. Nf3 Nf6 6. Be2 g6 7. O-O Bg7 8. Ne5 Bd7 9. Bf3 O-O 10. Nxc6 Bxc6 11. Qe2 Rc8 12. d3 b5 13. Nd2 Qb6 14. Kh1 Rfd8 15. g4 a5 16. Be5 Ne8 17. Bxg7 Nxg7 18. e4 Ne6 19. Bg2 Nd4 20. Qd1 dxe4 21. Bxe4 c4 22. bxc4 bxc4 23. Bxc6 Qxc6+ 24. Kg1 cxd3 25. cxd3 Nc2 26. Rc1 Qb6+ 27. Rf2 Ne3 28. Rxc8 Nxd1 0-1


[Site "https://www.chess.com"]

[Event "Titled Tuesday Blitz May 16 Late 2023"]
[White "Milikow, Yoav"]
[Black "Sai Han Thiha"]
[WhiteFideId "2822237"]
[BlackFideId "13012290"]
[WhiteElo "2410"]
[BlackElo "1954"]
[Result "1-0"]
[Round "02"]
[TimeControl "180+2"]
[Date "2023.05.16"]
[WhiteClock "0:00:33"]
[BlackClock "0:00:01"]

1. c4 Nf6 2. Nc3 g6 3. d4 Bg7 4. Nf3 O-O 5. Bg5 h6 6. Bh4 c5 7. d5 e6 8. e4 exd5 9. exd5 Qb6 10. Rb1 Re8+ 11. Be2 d6 12. O-O Bf5 13. Bd3 Ne4 14. Nxe4 Bxe4 15. Re1 f5 16. Nd2 Nd7 17. Nxe4 fxe4 18. Bxe4 Ne5 19. Qc2 g5 20. Bg3 Rf8 21. Bf5 Qb4 22. Be6+ Kh8 23. Re4 b5 24. a3 Qa5 25. b4 Qxa3 26. cxb5 cxb4 27. Rexb4 Qa5 28. h4 gxh4 29. Rxh4 Rf6 30. Bxe5 dxe5 31. Rc4 Qb6 32. Rc6 Qd4 33. Rd1 Qh4 34. g3 Qh5 35. Rc1 Raf8 36. Rc8 Qf3 37. Rxf8+ Rxf8 38. Re1 e4 39. Rxe4 h5 40. Qe2 Qxe2 41. Rxe2 Bd4 42. Kg2 Kg7 43. f4 Bb6 44. Kf3 Kf6 45. Rh2 Rh8 46. Ke4 Bc7 47. g4 h4 48. g5+ Ke7 49. Rh3 Rh7 50. f5 Rh8 51. Kf3 Bg3 52. Kg4 Rb8 53. f6+ Kd6 54. g6 Rxb5 55. g7 Rb4+ 56. Kh5 Re4 57. g8=Q Re5+ 58. Kg6 1-0


[Site "https://www.chess.com"]

[Event "Titled Tuesday Blitz May 16 Late 2023"]
[White "Sieciechowicz, Marcin"]
[Black "Papayan, Oleg"]
[WhiteFideId "1130170"]
[BlackFideId "4193911"]
[WhiteElo "2302"]
[BlackElo "2171"]
[Result "1-0"]
[Round "02"]
[TimeControl "180+2"]
[Date "2023.05.16"]
[WhiteClock "0:00:04"]
[BlackClock "0:00:00"]

1. d4 Nf6 2. c4 e6 3. Nc3 Bb4 4. Qc2 O-O 5. Nf3 d5 6. cxd5 exd5 7. Bf4 c6 8. e3 Bg4 9. Bd3 Nbd7 10. Ne5 Bh5 11. h3 Bg6 12. g4 Nxe5 13. Bxe5 Ne4 14. h4 Nxc3 15. bxc3 Bd6 16. Bxg6 fxg6 17. f4 Qd7 18. Qg2 Rae8 19. g5 Bxe5 20. dxe5 Qf5 21. O-O-O b5 22. Rd4 a5 23. Qh3 a4 24. Qxf5 gxf5 25. Kb2 Kf7 26. Ka3 Rc8 27. h5 Ke6 28. Rb1 Rc7 29. Rdd1 Rb8 30. c4 dxc4 31. Rd6+ Ke7 32. Rbd1 b4+ 33. Kb2 c3+ 34. Kc2 c5 35. h6 g6 36. e6 Rbb7 37. Rd8 Kxe6 38. R1d6+ Ke7 39. Rd5 c4 40. Rh8 b3+ 41. Kxc3 b2 42. Rxh7+ Ke6 43. Re5+ Kd6 44. Rxc7 Kxc7 45. Re7+ Kc6 46. Rxb7 1-0


[Site "https://www.chess.com"]

[Event "Titled Tuesday Blitz May 16 Late 2023"]
[White "Haydon, David L"]
[Black "Fan_Of_Chucky"]
[WhiteFideId "415405"]
[WhiteElo "2326"]
[BlackElo "2428"]
[Result "0-1"]
[Round "02"]
[TimeControl "180+2"]
[Date "2023.05.16"]
[WhiteClock "0:00:11"]
[BlackClock "0:00:09"]

1. d4 Nf6 2. Nc3 d5 3. Bf4 c5 4. e4 cxd4 5. Qxd4 Nc6 6. Bb5 Bd7 7. Bxc6 Bxc6 8. e5 Ne4 9. Nge2 e6 10. Nxe4 dxe4 11. Qe3 Qa5+ 12. c3 Bc5 13. Qg3 Bb5 14. b4 Qa6 15. Nc1 Be7 16. Nb3 Bd3 17. f3 exf3 18. Qxf3 Rc8 19. Bd2 Bh4+ 20. g3 Be7 21. a4 Qc4 22. Na5 Qe4+ 23. Qxe4 Bxe4 24. O-O b6 25. Nb3 Bd5 26. Nd4 O-O 27. a5 Bd8 28. a6 Bc7 29. Rfe1 f6 30. exf6 Rxf6 31. Bg5 Rg6 32. Be3 h5 33. Kf2 Rf8+ 34. Ke2 e5 35. Nc2 h4 36. Rg1 Bc4+ 37. Kd2 Rd6+ 38. Kc1 Rd3 39. Kb2 Rf3 40. Rae1 e4 41. gxh4 Be5 42. Bd4 Bxd4 43. cxd4 Rb3+ 44. Kc1 Rf2 45. Rd1 e3 46. d5 Rc3 47. d6 Rcxc2+ 48. Kb1 Rb2+ 49. Ka1 Ra2+ 50. Kb1 Be6 51. d7 Bf5+ 52. Kc1 Rfc2+ 53. Kb1 Rcb2+ 54. Kc1 Rb1# 0-1


[Site "https://www.chess.com"]

[Event "Titled Tuesday Blitz May 16 Late 2023"]
[White "Kushko, Dmitriy"]
[Black "Moral Garcia, Serafin"]
[WhiteFideId "14162261"]
[BlackFideId "2201925"]
[WhiteElo "2230"]
[BlackElo "2274"]
[Result "1-0"]
[Round "02"]
[TimeControl "180+2"]
[Date "2023.05.16"]
[WhiteClock "0:01:45"]
[BlackClock "0:02:11"]

1. d4 Nf6 2. Nf3 g6 3. Nc3 d5 4. Bf4 c6 5. h3 Bg7 6. e3 O-O 7. Be2 Nbd7 8. O-O Re8 9. Bh2 Qb6 10. Na4 Qa5 11. b3 c5 12. Qe1 Qxe1 13. Rfxe1 b6 14. Bb5 a6 15. Bc6 Rb8 16. Bxb8 1-0


[Site "https://www.chess.com"]

[Event "Titled Tuesday Blitz May 16 Late 2023"]
[White "De La Colina, Nicolas"]
[Black "Senft, Sean"]
[WhiteFideId "30946921"]
[BlackFideId "2044960"]
[WhiteElo "2046"]
[BlackElo "1989"]
[Result "1-0"]
[Round "02"]
[TimeControl "180+2"]
[Date "2023.05.16"]
[WhiteClock "0:00:05"]
[BlackClock "0:00:49"]

1. e4 c5 2. Nf3 d6 3. Bb5+ Nd7 4. d4 a6 5. Bxd7+ Bxd7 6. O-O cxd4 7. Qxd4 Nf6 8. Bg5 e6 9. c4 Be7 10. Nc3 O-O 11. Bxf6 gxf6 12. Rac1 Rc8 13. Rfd1 Qa5 14. e5 fxe5 15. Nxe5 Qxe5 16. Qxe5 dxe5 17. Rxd7 Bg5 18. Re1 Rxc4 19. Rxe5 Bf6 20. Re3 Bxc3 21. bxc3 Rfc8 22. Rg3+ Kf8 23. Rf3 f5 24. h3 Rxc3 25. Rxc3 Rxc3 26. Rxb7 Rc1+ 27. Kh2 Rc2 28. Kg3 Rxa2 29. Rxh7 Ra4 30. f4 Ra2 31. Ra7 a5 32. Kf3 a4 33. g4 Ra3+ 34. Kg2 fxg4 35. hxg4 Kg8 36. Re7 Ra2+ 37. Kf3 a3 38. Rxe6 Kf7 39. Ra6 Ra1 40. Ke4 a2 41. Kf5 Ke7 42. g5 Ke8 43. Ra7 Kf8 44. Kf6 Ke8 45. f5 Kd8 46. g6 Kc8 47. g7 Rg1 48. Rxa2 Kd8 49. Ra8+ Kd7 50. g8=Q Rd1 51. Qe6+ Kc7 52. Rc8+ Kb7 53. Qc6+ Ka7 54. Ra8# 1-0


[Site "https://www.chess.com"]

[Event "Titled Tuesday Blitz May 16 Late 2023"]
[White "Gutkin, Ilya"]
[Black "Fishbein, Mitch"]
[WhiteFideId "16203470"]
[BlackFideId "30922917"]
[WhiteElo "2265"]
[BlackElo "1964"]
[Result "1-0"]
[Round "02"]
[TimeControl "180+2"]
[Date "2023.05.16"]
[WhiteClock "0:00:17"]
[BlackClock "0:00:00"]

1. Nf3 Nf6 2. g3 g6 3. b3 Bg7 4. Bb2 O-O 5. Bg2 d6 6. d4 c5 7. c4 Nc6 8. d5 Na5 9. O-O a6 10. Nbd2 b5 11. Qc2 Rb8 12. Bc3 Bf5 13. e4 Nxe4 14. Bxa5 Qxa5 15. Nxe4 Bxa1 16. Rxa1 bxc4 17. bxc4 Rb4 18. Nfd2 Rfb8 19. Qc1 Rb2 20. Nb3 Qa3 21. Nc3 Bd7 22. Nd1 R2xb3 23. axb3 Qxb3 24. Ne3 Rb4 25. Rxa6 Qd3 26. Ra3 1-0


[Site "https://www.chess.com"]

[Event "Titled Tuesday Blitz May 16 Late 2023"]
[White "Prieto Aranguren, Alain"]
[Black "Tisaj, Domen"]
[WhiteFideId "2268906"]
[BlackFideId "14628708"]
[WhiteElo "2209"]
[BlackElo "2340"]
[Result "0-1"]
[Round "02"]
[TimeControl "180+2"]
[Date "2023.05.16"]
[WhiteClock "0:00:35"]
[BlackClock "0:00:57"]

1. e4 e5 2. Nf3 d5 3. d3 dxe4 4. dxe4 Qxd1+ 5. Kxd1 Bg4 6. Be2 Nc6 7. c3 Nf6 8. Nbd2 O-O-O 9. Kc2 Bc5 10. Rf1 Bh5 11. b4 Bb6 12. a4 a5 13. b5 Ne7 14. Nc4 Nxe4 15. Nxb6+ cxb6 16. Bd3 Nc5 17. Bc4 Bg6+ 18. Kb2 f6 19. Be3 Nd5 20. Bxc5 bxc5 21. Bxd5 Rxd5 22. Rad1 Rhd8 23. Kc1 Rxd1+ 24. Rxd1 Rxd1+ 25. Kxd1 Bh5 26. Kd2 Bxf3 27. gxf3 Kd7 28. Kd3 Ke6 29. h4 h5 30. b6 g5 31. Ke4 f5+ 32. Ke3 gxh4 33. f4 e4 34. Ke2 Kd5 35. Kf1 h3 36. Kg1 Kc4 37. Kh2 Kxc3 38. Kxh3 Kd3 39. Kh4 c4 40. Kxh5 c3 41. Kg5 c2 42. Kxf5 c1=Q 43. Ke6 Qc5 44. f5 Qxb6+ 45. Ke7 Qxf2 46. f6 Qc5+ 47. Ke8 Qc6+ 48. Ke7 Qxa4 49. f7 e3 50. f8=Q Qb4+ 51. Kd7 Qxf8 52. Kc7 Qb4 0-1


[Site "https://www.chess.com"]

[Event "Titled Tuesday Blitz May 16 Late 2023"]
[White "Poltorak, Sebastian"]
[Black "Figorito, Nick"]
[WhiteFideId "1199498"]
[BlackFideId "30923689"]
[WhiteElo "2195"]
[BlackElo "2329"]
[Result "1-0"]
[Round "02"]
[TimeControl "180+2"]
[Date "2023.05.16"]
[WhiteClock "0:00:29"]
[BlackClock "0:00:05"]

1. Nc3 Nf6 2. e4 e5 3. d4 exd4 4. Qxd4 Nc6 5. Qd3 Bb4 6. Bd2 d6 7. O-O-O Be6 8. Nge2 Qd7 9. Nf4 O-O-O 10. Nxe6 fxe6 11. f3 e5 12. Be2 Nd4 13. Rhe1 Kb8 14. a3 Bxc3 15. Bxc3 Nxe2+ 16. Rxe2 a6 17. Bd2 Rhf8 18. Be3 Nh5 19. Red2 Nf4 20. Qc3 Qc6 21. Qb3 h6 22. h4 Rde8 23. Kb1 g5 24. hxg5 hxg5 25. Rh1 g4 26. Rf1 g3 27. Bxf4 exf4 28. Rfd1 Rh8 29. Qf7 Ref8 30. Qg7 Rfg8 31. Qd4 Rh2 32. e5 dxe5 33. Qxe5 Qh6 34. Rd8+ Rxd8 35. Rxd8+ Ka7 36. Qxc7 Rh1+ 37. Ka2 Qe6+ 38. c4 Qe1 39. Qc5+ 1-0


[Site "https://www.chess.com"]

[Event "Titled Tuesday Blitz May 16 Late 2023"]
[White "Leschinsky, Gary"]
[Black "Colbow, Collin"]
[WhiteFideId "30951321"]
[BlackFideId "16201132"]
[WhiteElo "1855"]
[BlackElo "2351"]
[Result "1/2-1/2"]
[Round "02"]
[TimeControl "180+2"]
[Date "2023.05.16"]
[WhiteClock "0:00:03"]
[BlackClock "0:00:07"]

1. d4 d5 2. c4 c6 3. Nc3 Nf6 4. Nf3 Bg4 5. Qb3 Qb6 6. Ne5 Be6 7. cxd5 Qxb3 8. axb3 Nxd5 9. e4 Nb4 10. Kd2 Bxb3 11. Bc4 Bxc4 12. Nxc4 Nd7 13. b3 e6 14. Ba3 Be7 15. Rhd1 Na6 16. Bxe7 Kxe7 17. Na5 Rab8 18. Nxc6+ bxc6 19. Rxa6 Rxb3 20. Rxa7 Rb2+ 21. Ke3 Rhb8 22. d5 cxd5 23. exd5 R8b7 24. Rxb7 Rxb7 25. dxe6 Kxe6 26. Ne4 Rb3+ 27. Kf4 Rb4 28. Ke3 h6 29. h4 f5 30. Nc3 Nf6 31. g3 Rb3 32. Rd3 Ke5 33. f3 g5 34. hxg5 hxg5 35. Ne2 Nd5+ 36. Kd2 Rb2+ 37. Ke1 Nb4 38. Re3+ Kf6 39. Kf1 Nc2 40. Re8 Nb4 41. f4 g4 42. Re5 Nd3 43. Re8 Rb1+ 44. Kg2 Ne1+ 45. Kf2 Nd3+ 46. Ke3 Nb2 47. Rf8+ Ke6 48. Nd4+ Kd5 49. Rxf5+ Kc4 50. Ne2 Nd1+ 51. Kd2 Nf2 52. Rf8 Ne4+ 53. Ke3 Nxg3 54. Nxg3 Rb3+ 55. Kf2 Rf3+ 56. Kg2 Kd4 57. f5 Ke5 58. Rf7 Kd6 59. Rf8 Ke5 60. Ra8 Rb3 61. Ra4 Rb2+ 62. Kg1 Rb3 63. Rxg4 Rb2 64. Rg8 Kf6 65. Rf8+ Ke5 66. Ra8 Kf6 67. Ra3 Kg5 68. Rf3 Kg4 69. Rf2 Rb1+ 70. Kg2 Rb3 71. Ne2 Kg5 72. Ng1 Kf6 73. Nh3 Rb5 74. Ra2 Rxf5 75. Ra6+ Ke5 76. Kg3 Rf1 77. Nf2 Rb1 78. Kf3 Rb3+ 79. Ke2 Rb2+ 80. Ke3 Rb3+ 81. Nd3+ Kd5 82. Ra5+ Kc4 83. Ra4+ Kc3 84. Ke2 Rb8 85. Ra3+ Kd4 86. Kd2 Rh8 87. Ra4+ Kd5 88. Kc3 Rh3 89. Ra5+ Kd6 90. Ra4 Kd5 91. Ra5+ Ke4 92. Ra4+ Kd5 1/2-1/2


[Site "https://www.chess.com"]

[Event "Titled Tuesday Blitz May 16 Late 2023"]
[White "Karttunen, Mika"]
[Black "Magallanes, Rey Jomar"]
[WhiteFideId "502081"]
[BlackFideId "5205948"]
[WhiteElo "2396"]
[BlackElo "2252"]
[Result "1-0"]
[Round "02"]
[TimeControl "180+2"]
[Date "2023.05.16"]
[WhiteClock "0:00:37"]
[BlackClock "0:01:12"]

1. e4 c5 2. Nf3 d6 3. d4 cxd4 4. Nxd4 Nf6 5. Nc3 a6 6. f3 e5 7. Nb3 Be6 8. Be3 Nc6 9. Nd5 Bxd5 10. exd5 Ne7 11. c4 Nf5 12. Bf2 Be7 13. g4 Nd4 14. Nxd4 exd4 15. Bxd4 O-O 16. Kf2 Nd7 17. Kg2 Bg5 18. Bd3 g6 19. h4 Bxh4 20. Rxh4 Qxh4 21. Qd2 f5 22. Rh1 Qe7 23. gxf5 gxf5 24. f4 Rf7 25. b4 Kf8 26. Qf2 Rc8 27. Re1 Qd8 28. Re6 Nf6 29. Qh4 Ng4 30. Qh5 Rcc7 31. Bxf5 Rce7 32. Qxg4 Rxe6 33. Bxe6 Re7 34. Qg8# 1-0


[Site "https://www.chess.com"]

[Event "Titled Tuesday Blitz May 16 Late 2023"]
[White "Reprintsev, Alexander"]
[Black "James, Stuart"]
[WhiteFideId "14100541"]
[BlackFideId "7400489"]
[WhiteElo "2218"]
[BlackElo "1950"]
[Result "1/2-1/2"]
[Round "02"]
[TimeControl "180+2"]
[Date "2023.05.16"]
[WhiteClock "0:01:16"]
[BlackClock "0:01:37"]

1. e4 e5 2. Nf3 Nc6 3. Bc4 Bc5 4. b4 Bxb4 5. c3 Be7 6. d4 Na5 7. Be2 d6 8. O-O Nf6 9. Qa4+ c6 10. dxe5 dxe5 11. Nxe5 b5 12. Qc2 Qc7 13. Bf4 Bd6 14. Nxf7 Kxf7 15. Bxd6 Qxd6 16. a4 Nc4 17. axb5 cxb5 18. Rd1 Qe6 19. Na3 Nxa3 20. Rxa3 Bb7 21. f3 Rhd8 22. Rxd8 Rxd8 23. Qa2 a6 24. c4 b4 25. Ra4 Qb6+ 26. c5+ Qe6 27. Qxe6+ Kxe6 28. Rxb4 Bc8 29. Rb6+ Ke7 30. Bxa6 Bxa6 31. Rxa6 Rc8 32. c6 Kd6 1/2-1/2


[Site "https://www.chess.com"]

[Event "Titled Tuesday Blitz May 16 Late 2023"]
[White "Lazavik, Denis"]
[Black "Guerra Tulcan, Lenin"]
[WhiteFideId "13515110"]
[BlackFideId "3601382"]
[WhiteElo "2560"]
[BlackElo "2368"]
[Result "1-0"]
[Round "02"]
[TimeControl "180+2"]
[Date "2023.05.16"]
[WhiteClock "0:00:52"]
[BlackClock "0:00:08"]

1. d4 Nf6 2. c4 c5 3. d5 b5 4. cxb5 a6 5. e3 d6 6. Nc3 g6 7. a4 Bg7 8. Bc4 O-O 9. e4 axb5 10. Bxb5 Ba6 11. Bg5 h6 12. Bd2 Nbd7 13. Nf3 c4 14. O-O Nc5 15. Qe2 Nb3 16. Bxa6 Nxa1 17. Qxc4 Qb6 18. Bb5 Rfc8 19. Qd4 Qxd4 20. Nxd4 Ng4 21. Nc6 Nb3 22. Nxe7+ Kf8 23. Nxc8 Rxc8 24. Bf4 Ke7 25. h3 Ne5 26. Rd1 g5 27. Be3 Nc4 28. Bxc4 Rxc4 29. Rd3 Kd7 30. g3 Na5 31. Bb6 Nb7 32. a5 Rb4 33. Rd2 Bf6 34. Na2 Rb3 35. Rc2 Nc5 36. Bxc5 dxc5 37. a6 Rb6 38. Rxc5 Rxa6 39. Nb4 Ra1+ 40. Kg2 Bxb2 41. Rb5 Bf6 42. Rb7+ Ke8 43. Nc6 Re1 44. d6 Rd1 45. e5 Bg7 46. Re7+ Kf8 47. d7 h5 48. Re8# 1-0


[Site "https://www.chess.com"]

[Event "Titled Tuesday Blitz May 16 Late 2023"]
[White "Matlakov, Maxim"]
[Black "Ismayilova, Khanim"]
[WhiteFideId "4168003"]
[BlackFideId "13429019"]
[WhiteElo "2666"]
[BlackElo "1633"]
[Result "1-0"]
[Round "02"]
[TimeControl "180+2"]
[Date "2023.05.16"]
[WhiteClock "0:01:57"]
[BlackClock "0:00:03"]

1. d4 d5 2. Nf3 Nf6 3. Bg5 e6 4. e3 Be7 5. Nbd2 O-O 6. Bd3 Nbd7 7. c3 b6 8. h4 a5 9. Qe2 c5 10. h5 cxd4 11. exd4 Nb8 12. Ne5 Ba6 13. Rh3 Bxd3 14. Qxd3 Nfd7 15. Bxe7 Qxe7 16. f4 Nxe5 17. fxe5 f6 18. exf6 Qxf6 19. O-O-O Nd7 20. h6 g6 21. Re1 Rac8 22. Rhe3 Rc6 23. Nf3 b5 24. Qxb5 Rfc8 25. Kb1 R8c7 26. Ka1 Rb6 27. Qe2 Rcb7 28. b3 a4 29. b4 Rc7 30. a3 Rbc6 31. Kb2 Nb8 32. Rxe6 Rxe6 33. Qxe6+ Qxe6 34. Rxe6 Kf7 35. Rb6 Nd7 36. Rd6 Nf6 37. Ng5+ Ke7 38. Re6+ Kd7 39. Rxf6 Rc6 40. Rxc6 Kxc6 41. Nxh7 Kd6 42. Ng5 1-0


[Site "https://www.chess.com"]

[Event "Titled Tuesday Blitz May 16 Late 2023"]
[White "Pap, Gyula"]
[Black "K2JW"]
[WhiteFideId "725323"]
[WhiteElo "2519"]
[BlackElo "2385"]
[Result "1-0"]
[Round "02"]
[TimeControl "180+2"]
[Date "2023.05.16"]
[WhiteClock "0:00:15"]
[BlackClock "0:00:01"]

1. e4 c5 2. Nf3 Nc6 3. d4 cxd4 4. Nxd4 Nf6 5. Nc3 d6 6. Bg5 e6 7. Qd2 a6 8. O-O-O h6 9. Be3 Bd7 10. f3 b5 11. Nxc6 Bxc6 12. Ne2 Qc7 13. Nd4 Bb7 14. Kb1 d5 15. e5 Nd7 16. f4 O-O-O 17. Qe1 Nc5 18. h4 Ne4 19. Rh3 Bc5 20. Nb3 Bxe3 21. Rxe3 Kb8 22. Rd4 Rc8 23. Bd3 Nc5 24. a3 Nxb3 25. cxb3 Qb6 26. Qb4 a5 27. Qd6+ Qxd6 28. exd6 Bc6 29. f5 Rhe8 30. Rg4 e5 31. Rxg7 e4 32. Bf1 d4 33. Re1 e3 34. Rxf7 Rcd8 35. Bd3 Rxd6 36. Ka2 Bd5 37. g4 a4 38. g5 Bxf7 39. g6 Bxb3+ 40. Kb1 Rf6 41. h5 Bc4 42. Kc2 Rc6 43. Rg1 Bxd3+ 44. Kxd3 e2 45. f6 e1=Q 46. Rxe1 Rxe1 47. f7 Rf1 48. g7 Rc8 49. g8=Q Kb7 50. Qg2+ Kb6 51. Qxf1 1-0


[Site "https://www.chess.com"]